 Dungeon Crawl Stone Soup version 0.27-a0-1597-ge58577e147 (webtiles) character file.

Game seed: 12511415336757803127

3137 Blejac999 the Carver (level 9, -1/129 HPs)
             Began as a Minotaur Berserker on July 21, 2021.
             Was a High Priest of Trog.
             Succumbed to a hornet's poison
             ... on level 7 of the Dungeon.
             The game lasted 00:10:52 (7426 turns).

Blejac999 the Carver (Minotaur Berserker)           Turns: 7426, Time: 00:10:53

Health: -1/129     AC: 12    Str: 24    XL:     9   Next: 61%
Magic:  8/8        EV: 12    Int:  4    God:    Trog [*****.]
Gold:   347        SH: 11    Dex: 11    Spells: 8/8 levels left

rFire    . . .     SeeInvis .   o - +3 falchion
rCold    . . .     Faith    .   d - +0 kite shield
rNeg     . . .     Spirit   .   m - +1 leather armour {Will+}
rPois    .         Reflect  .   (helmet restricted)
rElec    .         Harm     .   l - +2 cloak
rCorr    .         Rampage  .   g - +0 pair of gloves
Will     +....                  e - +2 pair of boots
Stlth    ..........             (no amulet)
HPRegen  0.31/turn              (no ring)
MPRegen  0.11/turn              (no ring)

@: berserking (expiring), lethally poisoned (-1 -> -8), slowed
A: horns 2, retaliatory headbutt, robust 1, MP-powered wands
a: Renounce Religion, Berserk, Trog's Hand, Brothers in Arms


You were on level 7 of the Dungeon.
You worshipped Trog.
Trog was extremely pleased with you.
You visited 1 branch of the dungeon, and saw 7 of its levels.

You collected 347 gold pieces.

Inventory:

Hand Weapons
 a - a +0 falchion of electrocution
 b - a +2 flail of holy wrath
 o - a +3 falchion (weapon)
 s - a +1 falchion of flaming
Missiles
 n - 3 throwing nets (quivered)
Armour
 d - a +0 kite shield (worn)
 e - a +2 pair of boots (worn)
 g - a +0 pair of gloves (worn)
 l - a +2 cloak (worn)
 m - a +1 leather armour of willpower (worn)
Jewellery
 p - a ring of ice
 q - an amulet of magic regeneration
Wands
 j - a wand of polymorph (6)
Scrolls
 c - a scroll of brand weapon
 h - a scroll of fear
 i - a scroll of identify
 r - a scroll of noise {unknown}
Potions
 f - 2 potions of lignification
 k - a potion of flight


   Skills:
 + Level 7.5 Fighting
 + Level 10.4 Long Blades
 + Level 5.0 Armour
 + Level 6.5 Dodging
 + Level 7.4 Shields


You had 8 spell levels left.
You didn't know any spells.
Your spell library was empty.

Dungeon Overview and Level Annotations

Branches:
Dungeon (7/15)             Temple (0/1) D:6

Altars:
Nemelex Xobeh
Trog
Xom
Yredelemnul

Annotations:
D:7 3 runed translucent doors, Torax's ghost, novice OpHu


Innate Abilities, Weirdness & Mutations

You have a pair of horns on your head.
You reflexively headbutt those who attack you in melee.
You are robust. (+10% HP)
You expend magic power (3 MP) to strengthen your wands.


Message History

You feel very sick.
The hornet stings you but does no damage.
The hornet stings you.
* * * LOW HITPOINT WARNING * * *
You are more poisoned.
You feel as though you will be slow longer.
You can move again.
Really quaff the potion of lignification?
Okay, then.
A red film seems to cover your vision as you go berserk!
You feel yourself moving faster!
You feel mighty!
You feel very sick. The hornet stings you!
* * * LOW HITPOINT WARNING * * *
You are more poisoned.
You shrug off the repeated paralysis!
You block the hornet's attack.
You slash the hornet! Your headbutt misses the hornet.
The hornet is almost dead.
* * * LOW HITPOINT WARNING * * *
You feel very sick. The hornet barely misses you. You furiously retaliate!
You headbutt the hornet. The hornet stings you!
* * * LOW HITPOINT WARNING * * *
You feel as though you will be slow longer.
You hit the hornet.
You feel the power of Trog in you as your rage grows.
You kill the hornet!
Trog accepts your kill.
* * * LOW HITPOINT WARNING * * *
You feel very sick.
Your Armour skill increases to level 5!
There is a lethal amount of poison in your body!
There is a lethal amount of poison in your body!
* * * LOW HITPOINT WARNING * * *
You feel very sick.
You are too berserk!
You feel a strong urge to attack something.
* * * LOW HITPOINT WARNING * * *
You feel very sick.
You die...

#..# #.#........ .....#
#.#......^.
....######.#........
#..........###.#####
#...##.#.#####.##... ..
#..............##... ...
#..............##...
....#......#.####..##...
.......@# #.# #..##...
.......)####.####..##...
....#...................
### #...#########.######
#...# #.# # #...# #.# #
#...# #.# # ....# #.# #
##..## #.. #


There were no monsters in sight!

Vanquished Creatures
  A hornet (D:7)
  A steam dragon (D:7)
  A sky beast (D:5)
  An ice beast (D:6)
  2 necrophages
  An orc warrior (D:5)
  3 centaurs
  An ogre (D:5)
  2 phantoms (D:6)
  A kobold brigand (D:7)
  2 bullfrogs
  A gnoll sergeant (D:5)
  A scorpion (D:4)
  2 wyvern zombies
  A wyvern skeleton (D:6)
  A water moccasin zombie (D:6)
  3 wights (D:6)
  A centaur zombie (D:7)
  2 bullfrog zombies (D:5)
  A hound (D:4)
  A jelly (D:5)
  2 bullfrog skeletons
  9 orc priests
  Crazy Yiuf (D:2)
  2 gnoll shamans
  Terence (D:2)
  9 orc wizards
  A hound skeleton (D:4)
  A howler monkey zombie (D:5)
  16 gnolls
  6 adders
  A howler monkey skeleton (D:5)
  A shadow imp (D:5)
  A white imp (D:6)
  3 ufetubi
  An adder zombie (D:5)
  A worm (D:2)
  An adder skeleton (D:4)
  26 orcs
  6 bats
  5 endoplasms
  3 giant cockroaches
  7 goblins
  4 hobgoblins
  17 jackals
  4 quokkas
  7 ball pythons
  4 frilled lizards
  9 kobolds
  6 rats
185 creatures vanquished.

Notes
Turn   | Place    | Note
-------+----------+-------------------------------------------
     0 | D:1      | Blejac999 the Minotaur Berserker began the quest for the
                  | Orb.
     0 | D:1      | Reached XP level 1. HP: 19/19 MP: 0/0
   339 | D:1      | Reached XP level 2. HP: 23/27 MP: 1/1
   545 | D:1      | Reached skill level 4 in Long Blades
   676 | D:1      | Found a faded altar of an unknown god.
   730 | D:1      | Reached XP level 3. HP: 34/34 MP: 2/2
   761 | D:1      | Reached ** piety under Trog
  1264 | D:2      | Noticed Terence
  1272 | D:2      | Killed Terence
  1415 | D:2      | Found a bloodstained altar of Trog.
  1429 | D:2      | Reached XP level 4. HP: 37/41 MP: 3/3
  1587 | D:2      | Found a runed translucent door.
  1588 | D:2      | Noticed Crazy Yiuf
  1735 | D:2      | Reached skill level 1 in Shields
  1799 | D:2      | Reached skill level 5 in Long Blades
  1948 | D:2      | Reached XP level 5. HP: 47/47 MP: 4/4
  2160 | D:2      | Killed Crazy Yiuf
  2463 | D:3      | Found a sparkling altar of Nemelex Xobeh.
  2472 | D:3      | Reached XP level 6. HP: 55/55 MP: 5/5
  2584 | D:3      | Reached skill level 6 in Long Blades
  2846 | D:3      | Reached skill level 5 in Fighting
  3188 | D:3      | Reached *** piety under Trog
  3543 | D:5      | Entered Level 5 of the Dungeon
  3619 | D:5      | Reached skill level 7 in Long Blades
  3619 | D:5      | Reached XP level 7. HP: 61/61 MP: 6/6
  4981 | D:5      | Found a shimmering altar of Xom.
  4981 | D:5      | Found a basalt altar of Yredelemnul.
  4995 | D:5      | Reached skill level 8 in Long Blades
  5090 | D:5      | Reached XP level 8. HP: 64/70 MP: 7/7
  5398 | D:5      | Reached **** piety under Trog
  5399 | D:5      | Reached skill level 5 in Dodging
  5399 | D:5      | Reached skill level 5 in Shields
  5434 | D:5      | Gained mutation: Potions are less effective at restoring
                  | your health. [potion of mutation]
  5434 | D:5      | Gained mutation: You expend magic power (3 MP) to
                  | strengthen your wands. [potion of mutation]
  5440 | D:5      | Reached skill level 9 in Long Blades
  5661 | D:5      | Lost mutation: Potions are less effective at restoring your
                  | health. [potion of mutation]
  5661 | D:5      | Gained mutation: You are robust. (+10% HP) [potion of
                  | mutation]
  6141 | D:6      | Found a staircase to the Ecumenical Temple.
  6322 | D:6      | Reached XP level 9. HP: 85/85 MP: 8/8
  6766 | D:7      | Reached skill level 10 in Long Blades
  6903 | D:7      | Found a runed translucent gate.
  6929 | D:7      | Found a runed translucent gate.
  6929 | D:7      | Noticed Torax's ghost (novice OpHu)
  6930 | D:7      | Found a runed translucent gate.
  7108 | D:7      | Reached ***** piety under Trog
  7418 | D:7      | Paralysed by a hornet for 3 turns
  7423 | D:7      | HP: 6/129 [poisoned by a hornet]
  7424 | D:7      | Reached skill level 5 in Armour
  7425 | D:7      | HP: 1/129 [poisoned by a hornet]
  7426 | D:7      | Succumbed to a hornet's poison

Illustrated notes

Levels and vault maps discovered:
D:1:      dpeg_cavernosity, layout_basic, ebering_ecumenical_altar_petrified,
          minivault_19
D:2:      layout_loops_ring, basic_altar, serial_co_window_serial,
          co_window_of_opportunity_a, co_window_paths_b, co_window_paths_b,
          co_window_paths_b, co_window_of_opportunity_a, co_window_paths_b,
          co_window_corner_a, co_window_corner_b, co_window_unsneaky_path_b,
          co_window_cross_4, co_window_corner_ca, co_window_paths_e,
          glass_columns_a, glass_columns_b, glass_columns_a,
          grunt_ministairs_10, uniq_crazy_yiuf_cottage, uniq_terence
D:3:      layout_loops_cross, lemuel_round_altar, hangedman_decor_opposing
D:4:      layout_basic
D:5:      layout_basic, jmf_multi_god_temple, minmay_misc_feat_enclosed
D:6:      layout_gridville, minmay_temple_entry_trees
D:7:      layout_basic, biasface_ghost_orc_armoury

Skill      XL: |  1  2  3  4  5  6  7  8  9 |
---------------+----------------------------+-----
Fighting       | 4 5 6 7 |  7.5
Long Blades    | 4 5 7 8 9 10 | 10.4
Shields        | 2 3 4 6 7 |  7.4
Dodging        | 3 4 5 6 |  6.5
Armour         | 3 4 5 |  5.0

Action                   |  1- 3 |  4- 6 |  7- 9 || total
-------------------------+-------+-------+-------++-------
Melee: Falchion          |    66 |   144 |   229 ||   439
       Headbutt          |    13 |    27 |    45 ||    85
Invok: Berserk           |     1 |     5 |    12 ||    18
  Use: Scroll            |     2 |     4 |     4 ||    10
       Potion            |       |       |     2 ||     2
Armor: Animal skin       |    22 |    24 |       ||    46
       Leather armour    |       |    27 |   100 ||   127
Dodge: Dodged            |    27 |    51 |    98 ||   176
Block: Kite shield       |    31 |    57 |   120 ||   208
       Rpst.: Falchion   |     5 |    10 |    28 ||    43

Table legend: (Time is in decaauts)
 A = Elapsed time spent in this place.
 B = Non-inter-level travel time spent in this place.
 C = Inter-level travel time spent in this place.
 D = Time resting spent in this place.
 E = Time spent auto-exploring this place.
 F = Levels seen in this place.
 G = Mean time per level.
                   A        B        C        D        E       F      G
               +--------+--------+--------+--------+--------+-----+--------+
         Total |   7648 |   7423 |    225 |   1857 |   4266 |   7 | 1092.6 |
       Dungeon |   7648 |   7423 |    225 |   1857 |   4266 |   7 | 1092.6 |
               +--------+--------+--------+--------+--------+-----+--------+

Top non-repeatable levels by time:
     D:2: 1354 daAuts
     D:3: 1295 daAuts
     D:5: 1292 daAuts
     D:4: 1249 daAuts
     D:1: 984 daAuts
     D:6: 742 daAuts
     D:7: 728 daAuts
